 Dungeon Crawl Stone Soup version 0.31-a0-636-ge1c0e020e0 (webtiles) character file.

Game seed: 14655112888715013302

5198 Essalna the Mimic (level 10, -3/96 HPs)
             Began as a Troll Shapeshifter on Aug 26, 2023.
             Was a Believer of Trog.
             Slain by a wolf (8 damage)
             ... led by Grum
             ... on level 9 of the Dungeon.
             The game lasted 00:17:45 (7782 turns).

Essalna the Mimic (Troll Shapeshifter)              Turns: 7782, Time: 00:17:45

Health: -3/96      AC:  2    Str: 28    XL:     10   Next: 34%
Magic:  9/9        EV:  9    Int:  6    God:    Trog [**....]
Gold:   584        SH:  0    Dex:  9    Spells: 9/9 levels left

rFire   . .          .
                       - Unarmed
rCold   . . .        (no shield)
rNeg    . . .        a - melded +0 animal skin
rPois   +            (helmet restricted)
rElec   .            l - scarf {shadows}
rCorr   .            (gloves unavailable)
SInv    .            (boots unavailable)
Will    .....        (no amulet)
Stlth   +            r - ring of poison resistance
HPRegen 1.16/turn    (no ring)
MPRegen 0.11/turn

%: no passive effects
@: maw-form
A: devouring maw, large, unfitting armour, claws 3, regeneration 1, shaggy fur
1, tough skin 1
a: Begin Untransformation, Renounce Religion, Berserk, Trog's Hand


You were on level 9 of the Dungeon.
You worshipped Trog.
Trog was pleased with you.
You were a creature with a mouth for a stomach.
You visited 2 branches of the dungeon, and saw 10 of its levels.

You collected 584 gold pieces.

Inventory:

Armour
 a - a +0 animal skin (melded)
 l - a scarf of shadows (worn)
 w - a +0 helmet
 x - a +0 buckler
 H - +0 acid dragon scales
 I - a +1 robe of positive energy
Jewellery
 r - a ring of poison resistance (left claw)
 B - an amulet of faith
Talismans
 c - a beast talisman
 d - a flux talisman
 z - a maw talisman (active)
Wands
 y - a wand of flame (42)
Scrolls
 e - a scroll of fear {unknown}
 g - 4 scrolls of revelation {unknown}
 j - 2 scrolls of noise {unknown}
 k - 6 scrolls of fog {unknown}
 m - 7 scrolls of teleportation {unknown}
 o - a scroll of identify {unknown}
 s - 5 scrolls of blinking {unknown}
 u - 2 scrolls of poison {unknown}
 v - 2 scrolls of enchant armour {unknown}
 A - a scroll of butterflies {unknown}
 C - a scroll of brand weapon {unknown}
 D - a scroll of amnesia {unknown}
 E - 2 scrolls of silence {unknown}
Potions
 b - 2 potions of lignification
 f - 3 potions of resistance {unknown}
 h - a potion of cancellation {unknown}
 i - 2 potions of heal wounds {unknown}
 n - a potion of might {unknown}
 p - 5 potions of curing {unknown}
 q - 2 potions of brilliance {unknown}
 t - 3 potions of attraction {unknown}
 F - a potion of berserk rage {unknown}
 G - a potion of ambrosia {unknown}
 J - 3 potions of haste {unknown}


   Skills:
 - Level 5.3 Fighting
 - Level 1.5 Dodging
 - Level 7.0 Unarmed Combat
 + Level 11.8 Shapeshifting


You had 9 spell levels left.
You didn't know any spells.
Your spell library contained the following spells:

 Spells                   Type           Power      Damage    Failure   Level
 Apportation              Tloc           0%         N/A       45%         1
 Magic Dart               Conj           0%         1d3       45%         1
 Necrotise                Necr           0%         1d4       45%         1
 Shock                    Conj/Air       0%         1d3       45%         1
 Summon Small Mammal      Summ           0%         N/A       45%         1
 Call Imp                 Summ           0%         N/A       58%         2
 Dazzling Flash           Conj/Hex       0%         N/A       83%         3
 Mephitic Cloud           Conj/Pois/Air  0%         N/A       83%         3
 Swiftness                Air            0%         N/A       83%         3
 Volatile Blastmotes      Fire/Tloc      0%         2d10      83%         3
 Airstrike                Air            0%         2d(0-16)  99%         4
 Starburst                Conj/Fire      0%         6d3       100%        6
 Maxwell's Capacitive Co  Air            0%         ∞         100%        8


Dungeon Overview and Level Annotations

Branches:
Dungeon (9/15)             Temple (1/1) D:6            Lair (0/5) D:8
    Orc: D:9-12

Altars:
Ashenzari
Dithmenos
Elyvilon
Fedhas
Gozag
Hepliaklqana
Kikubaaqudgha
Makhleb
Okawaru
Qazlal
Ru
Sif Muna
Trog
Vehumet
Wu Jian
Xom
Yredelemnul
Zin
The Shining One

Shops:
D:4 =

Annotations:
D:9 Grum


Innate Abilities, Weirdness & Mutations

You are a creature with a mouth for a stomach.
Your midsection houses a second, enormous mouth.
You are too large for most types of armour.
You have claws for hands.
Your natural rate of healing is unusually fast.
You are covered in fur. (AC +1)
You have tough skin. (AC +1)


Message History

Grum moves out of view.
A wolf is nearby!
A wolf comes into view.
Found a stone staircase leading down.
The wolf howls!
A wolf comes into view.
The wolf bites you. Grum closely misses you.
You closely miss the wolf. You claw the wolf. You bite the wolf.
The wolf is lightly wounded.
The wolf completely misses you. The wolf bites you!
Grum hits you with a -2 glaive!
You barely miss the wolf. Your bite misses the wolf.
The wolf is lightly wounded.
The wolf bites you. The wolf bites you! Grum hits you with a -2 glaive!
The wolf barely misses you.
You are too injured to fight recklessly!
The wolf barely misses you.
Grum hits you from afar with a -2 glaive!!
The wolf attacks as it pursues you! The wolf misses you.
The wolf closely misses you. The wolf attacks as it pursues you!
The wolf bites you. The wolf attacks as it pursues you! The wolf bites you.
The wolf barely misses you. The wolf bites you.
The wolf attacks as it pursues you! The wolf bites you.
The wolf attacks as it pursues you! The wolf closely misses you.
The wolf bites you.
* * * LOW HITPOINT WARNING * * *
The wolf bites you!
* * * LOW HITPOINT WARNING * * *
The wolf bites you but does no damage. The wolf bites you.
* * * LOW HITPOINT WARNING * * *
The wolf bites you.
* * * LOW HITPOINT WARNING * * *
The wolf attacks as it pursues you! The wolf barely misses you.
The wolf bites you!
* * * LOW HITPOINT WARNING * * *
The wolf attacks as it pursues you! The wolf completely misses you.
The wolf bites you!
You die...

.......#.#######.#..
.###.#.#.#######.#.##
.# #.#.#.........#.#
.###.#.#..#.....g#.#
.....#.#..#......#
.#####.#..#......#
.......#..#.....h#
########.......hh#
##.#.....W# #
######.# # #.# ## #.#
.## #.# ..# #.# #.#
..# #o# #.#
#..?....?.


You could see Grum and 3 wolves.

Vanquished Creatures
  Pikel (D:8)
  Maurice (D:8)
  A hornet (D:8)
  A wyvern (D:8)
  2 wargs (D:8)
  2 acid dragons
  A water moccasin (D:7)
  4 orc warriors
  2 sky beasts
  3 ice beasts
  A black bear (D:5)
  3 ogres
  3 centaurs
  A kobold brigand (D:3)
  2 phantoms
  Blork the orc (D:6)
  2 bullfrogs
  2 gnoll sergeants
  A scorpion (D:4)
  9 wights
  The ghost of Opifex the Sneak, a weakling DrDe of Lugonu (D:3)
  2 hounds (D:5)
  8 orc priests
  4 jellies
  An iguana (D:5)
  10 orc wizards
  Robin (D:4)
  10 gnolls
  5 adders
  A shadow imp (D:8)
  2 white imps
  5 worms
  5 dart slugs
  21 orcs
  7 ball pythons
  6 endoplasms
  3 giant cockroaches
  16 goblins
  11 hobgoblins
  3 jackals (D:1)
  16 kobolds
  3 quokkas
  3 bats
  2 frilled lizards
  5 rats
194 creatures vanquished.

Vanquished Creatures (others)
  A goblin (D:5)
1 creature vanquished.

Grand Total: 195 creatures vanquished

Notes
Turn   | Place    | Note
-------+----------+-------------------------------------------
     0 | D:1      | Essalna the Troll Shapeshifter began the quest for the Orb.
     0 | D:1      | Reached XP level 1. HP: 18/18 MP: 0/0
    45 | D:1      | Reached skill level 1 in Fighting
    94 | D:1      | Reached XP level 2. HP: 24/27 MP: 1/1
   229 | D:1      | Found a faded altar of an unknown god.
   259 | D:1      | Reached XP level 3. HP: 33/33 MP: 2/2
   632 | D:2      | Found a stormy altar of Qazlal.
  1467 | D:3      | Reached XP level 4. HP: 37/42 MP: 3/3
  1493 | D:3      | Found a runed translucent gate.
  1493 | D:3      | Found a runed translucent gate.
  1494 | D:3      | Found a runed translucent gate.
  1495 | D:3      | Noticed a kobold brigand
  1495 | D:3      | Noticed Opifex's ghost (weakling DrDe)
  2189 | D:4      | Noticed an ogre
  2194 | D:4      | Killed an ogre
  2195 | D:4      | Reached skill level 4 in Shapeshifting
  2195 | D:4      | Reached XP level 5. HP: 42/50 MP: 4/4
  2334 | D:4      | Reached XP level 6. HP: 28/59 MP: 5/5
  2451 | D:4      | Noticed Robin
  2495 | D:4      | Killed Robin
  2704 | D:4      | Found Xidwuw's Jewellery Emporium.
  2827 | D:5      | Entered Level 5 of the Dungeon
  2904 | D:5      | Reached skill level 5 in Unarmed Combat
  2933 | D:5      | Noticed an ice beast
  2947 | D:5      | Killed an ice beast
  2948 | D:5      | Reached skill level 5 in Shapeshifting
  2948 | D:5      | Reached XP level 7. HP: 59/67 MP: 6/6
  3566 | D:5      | Found a shimmering altar of Xom.
  3863 | D:3      | Killed Opifex's ghost
  3873 | D:3      | Reached XP level 8. HP: 67/79 MP: 7/7
  4203 | D:6      | Reached skill level 6 in Shapeshifting
  4317 | D:6      | Reached skill level 5 in Fighting
  4959 | D:6      | Noticed Blork the orc
  4967 | D:6      | Killed Blork the orc
  5096 | D:6      | Found a staircase to the Ecumenical Temple.
  5115 | Temple   | Entered the Ecumenical Temple
  5135 | Temple   | Became a worshipper of Trog the Wrathful
  5315 | D:7      | Reached skill level 7 in Shapeshifting
  5436 | D:7      | Reached XP level 9. HP: 88/88 MP: 8/8
  5568 | D:7      | Reached skill level 8 in Shapeshifting
  5768 | D:7      | Found an ancient bone altar of Kikubaaqudgha.
  6226 | D:8      | Found an iron altar of Okawaru.
  6424 | D:8      | Reached skill level 9 in Shapeshifting
  6437 | D:8      | Noticed Pikel
  6461 | D:8      | Killed Pikel
  6462 | D:8      | Reached skill level 10 in Shapeshifting
  6521 | D:8      | Reached * piety under Trog
  6678 | D:8      | Found a staircase to the Lair.
  6750 | D:8      | Noticed Maurice
  6762 | D:8      | Killed Maurice
  6763 | D:8      | Reached skill level 11 in Shapeshifting
  6763 | D:8      | Reached XP level 10. HP: 35/96 MP: 9/9
  7040 | D:8      | Found a broken altar of Ashenzari.
  7040 | D:8      | Found a sacrificial altar of Ru.
  7041 | D:8      | Found an opulent altar of Gozag.
  7303 | D:9      | HP: 2/96 [centaur/arrow (8)]
  7606 | D:9      | Reached ** piety under Trog
  7767 | D:9      | Noticed Grum
  7781 | D:9      | HP: 4/96 [wolf[Grum] (7)]
  7782 | D:9      | Slain by a wolf

Illustrated notes

Levels and vault maps discovered:
D:1:      lightli_arrival_statue_moat, layout_rooms,
          chequers_ecumenical_altar_simple, minmay_misc_feat_doors,
          serial_bayou_pond_d
D:2:      layout_loops_ring, basic_altar, kennysheep_another_room
D:3:      layout_basic, gammafunk_ghost_nasty_kobolds
D:4:      layout_loops_cross, nicolae_stop_n_shop_1, uniq_robin
D:5:      layout_basic, dk_xom_monty_hall
D:6:      layout_basic, minmay_temple_entry_nine_rooms, uniq_blork_the_orc
D:7:      layout_basic, lemuel_round_altar, palyth_stone_intersect,
          minmay_misc_feat_rows, wad_rectangle_vault
D:8:      layout_loops_ring, okawaru_trees_1, gammafunk_temple_overflow_claw,
          erik_lair_orcish_takeover, minmay_misc_feat_chi, uniq_pikel,
          uniq_maurice
D:9:      layout_basic, nicolae_overflow_hidden_temple, uniq_grum
Temple:   minmay_temple_bridge_abc

Skill      XL: |  1  2  3  4  5  6  7  8  9 |
---------------+----------------------------+-----
Fighting       | 1 2 3 4 5 |  5.3
Unarmed Combat | 4 5 6 7 |  7.0
Shapeshifting  | 4 5 7 11 | 11.8
Dodging        | |  1.5

Action                     |  1- 3 |  4- 6 |  7- 9 | 10-12 || total
---------------------------+-------+-------+-------+-------++-------
  Melee: Unarmed           |   100 |   103 |   266 |    59 ||   528
         Punch             |     1 |     3 |     2 |     5 ||    11
         Maw               |       |       |     3 |    12 ||    15
   Stab: Sleeping          |       |     1 |       |       ||     1
 Armour: Animal skin       |    29 |    31 |    39 |       ||    99
         Skin              |       |       |     1 |    11 ||    12
  Dodge: Dodged            |    41 |    44 |    85 |    46 ||   216
   Form: Maw               |       |       |     1 |     1 ||     2
         Flux              |       |       |     1 |       ||     1

Table legend: (Time is in decaauts)
 A = Elapsed time spent in this place.
 B = Non-inter-level travel time spent in this place.
 C = Inter-level travel time spent in this place.
 D = Time resting spent in this place.
 E = Time spent auto-exploring this place.
 F = Levels seen in this place.
 G = Mean time per level.
                   A        B        C        D        E       F      G
               +--------+--------+--------+--------+--------+-----+--------+
         Total |   7733 |   7318 |    415 |    179 |   5807 |  10 |  773.3 |
       Dungeon |   7692 |   7303 |    389 |    179 |   5807 |   9 |  854.7 |
        Temple |     40 |     14 |     26 |      0 |      0 |   1 |   40.0 |
               +--------+--------+--------+--------+--------+-----+--------+

Top non-repeatable levels by time:
     D:8: 1159 daAuts
     D:3: 1102 daAuts
     D:5: 1094 daAuts
     D:6: 1033 daAuts
     D:7: 977 daAuts
     D:2: 713 daAuts
     D:4: 712 daAuts
     D:1: 464 daAuts
     D:9: 435 daAuts
  Temple: 40 daAuts
